 Dungeon Crawl Stone Soup version 0.25-a0-523-g9afb2ee040 (webtiles) character file.

Game seed: 722753605238296678, levelgen mode: classic

9158 EnegeticOcto the Cleaver (level 11, 0/104 HPs)
             Began as a Deep Dwarf Fighter on Feb 18, 2020.
             Was an Elder of Makhleb.
             Slain by an ettin
             ... wielding a cursed -2 dire flail
              (15 damage)
             ... on level 1 of the Orcish Mines.
             The game lasted 00:04:24 (5873 turns).

EnegeticOcto the Cleaver (Deep Dwarf Fighter)       Turns: 5873, Time: 00:04:25

Health: 0/104      AC: 15    Str: 22    XL:     11   Next: 19%
Magic:  7/7        EV: 10    Int: 10    God:    Makhleb [****..]
Gold:   681        SH: 11    Dex: 15    Spells: 10/10 levels left

rFire    . . .     SeeInvis .   n - +2 war axe (drain)
rCold    . . .     Gourm    .   c - +0 kite shield
rNeg     . . .     Faith    .   s - +0 chain mail
rPois    .         Spirit   .   (no helmet)
rElec    .         Reflect  .   f - +2 cloak
rCorr    .         Harm     .   (no gloves)
MR       +....                  r - +0 pair of boots
Stlth    ..........             (no amulet)
HPRegen  0.00/turn              a - +3 ring of dexterity
MPRegen  0.10/turn              (no ring)

@: non-regenerating
A: damage resistance, heal wounds, sense surroundings 2, no regeneration
a: Heal Wounds, Minor Destruction, Lesser Servant of Makhleb, Major Destruction,
Renounce Religion


You were on level 1 of the Orcish Mines.
You worshipped Makhleb.
Makhleb was greatly pleased with you.
You were not hungry.

You visited 2 branches of the dungeon, and saw 11 of its levels.

You collected 681 gold pieces.

Inventory:

Hand Weapons
 n - a +2 war axe of draining (weapon)
Missiles
 w - 3 throwing nets (quivered)
Armour
 c - a +0 kite shield (worn)
 f - a +2 cloak (worn)
 r - a +0 pair of boots (worn)
 s - a +0 chain mail (worn)
Jewellery
 a - a +3 ring of dexterity (left hand)
Wands
 b - a wand of disintegration (17)
 l - a wand of flame (9)
 v - a wand of polymorph (4)
Scrolls
 i - 3 scrolls of blinking {@r3}
 q - 8 scrolls of teleportation {@r2}
 u - a scroll of identify {@r1}
 x - a scroll of remove curse {@r6}
Potions
 g - a potion of curing {unknown}
 h - a potion of haste {@q4}
 j - a potion of stabbing {@q5}
 k - 2 potions of might {@q3}
 m - 2 potions of heal wounds {@q2}
 o - a potion of invisibility
 p - a potion of brilliance
 t - a potion of flight {unknown}
 z - a potion of mutation {unknown}
 A - a potion of resistance {unknown}
 B - a potion of berserk rage {unknown}
Comestibles
 d - 12 chunks of flesh
 e - 23 rations


   Skills:
 * Level 8.6 Fighting
 * Level 10.1 Axes
 + Level 7.6 Armour
 + Level 6.6 Dodging
 + Level 7.5 Shields
 + Level 7.4 Invocations


You had 10 spell levels left.
You didn't know any spells.
Your spell library was empty.

Dungeon Overview and Level Annotations

Branches:
Dungeon (10/15)            Temple (0/1) D:5            Lair (0/6) D:10
    Orc (1/2) D:10

Altars:
Cheibriados
Dithmenos
Gozag
Kikubaaqudgha
Makhleb
Nemelex Xobeh
Qazlal
Ru
Sif Muna
Vehumet

Shops:
D:8 =

Annotations:
D:10 1 runed translucent door, Upnub's ghost, journeyman TrAK


Innate Abilities, Weirdness & Mutations

You are resistant to damage.
You can heal yourself by infusing magical energy.
You passively map the area around you.
You do not regenerate.


Message History

The orc warrior hits you but does no damage.
You block the orc's attack.
The orc throws a boomerang.
You block the boomerang.
The weapon returns to the orc!
You barely miss the orc warrior.
The orc warrior is heavily wounded.
You slash the orc!
You kill the orc!
Makhleb accepts your kill.
You feel better. The orc warrior closely misses you.
The orc throws a boomerang.
You block the boomerang.
The weapon returns to the orc!
You hit the orc warrior but do no damage.
You drain the orc warrior.
The orc warrior is heavily wounded.
The orc warrior closely misses you.
The orc throws a boomerang.
You block the boomerang.
The weapon returns to the orc!
You slice the orc warrior!!
You kill the orc warrior!
Makhleb accepts your kill.
The orc throws a boomerang.
You block the boomerang.
The weapon returns to the orc!
The orc throws a boomerang.
The boomerang hits you but does no damage.
The weapon returns to the orc!
Found a stone staircase leading down.
You block the orc's attack.
You slice the orc!!
You kill the orc!
Makhleb accepts your kill.
No target in view!
No target in view!
No target in view!
No target in view!
No target in view!
No target in view!
Things that are here:
a +0 dire flail; a +0 chain mail; an orc corpse You butcher the orc corpse.
d - 8 chunks of flesh (gained 3)
Things that are here:
a +0 dire flail; a +0 chain mail; an orc skeleton
Things that are here:
a +0 dire flail; a +0 chain mail; an orc skeleton
Things that are here:
a +0 club; a +0 scale mail; an orc corpse You butcher the orc corpse.
d - 12 chunks of flesh (gained 4)
Things that are here:
a +0 club; a +0 scale mail; an orc skeleton
Things that are here:
a +0 club; a +0 scale mail; an orc skeleton You now have 623 gold pieces (gained 14).
You now have 639 gold pieces (gained 16).
You now have 656 gold pieces (gained 17).
There is a stone staircase leading down here.
You now have 681 gold pieces (gained 25).
An ettin comes into view.
It is wielding a -2 dire flail and a +0 dire flail.
The ettin shouts in stereo!
Found 7 gold pieces.
An ettin is nearby!
An ettin is nearby!
An ettin is nearby!
An ettin is nearby!
Found 23 gold pieces.
The ettin barely misses you.
The ettin hits you with a +0 dire flail!
You hit the ettin.
The ettin is lightly wounded.
The ettin hits you with a cursed -2 dire flail!!!
* * * LOW HITPOINT WARNING * * *
The ettin closely misses you.
Your magical essence is drained by the effort!
You feel much better.
The ettin hits you with a cursed -2 dire flail!!
* * * LOW HITPOINT WARNING * * *
The ettin closely misses you.
You fail to use your ability.
The ettin hits you with a cursed -2 dire flail!!
* * * LOW HITPOINT WARNING * * *
You block the ettin's attack.
Your magical essence is drained by the effort!
You feel much better.
You feel much better. The ettin hits you but does no damage.
You block the ettin's attack.
You feel much better. The ettin misses you. You block the ettin's attack.
A demon appears!
You block the ettin's attack.
The ettin hits you with a +0 dire flail.
A demon appears!
You block the ettin's attack.
The ettin hits you with a +0 dire flail!!
You hit the ettin. You drain the ettin.
The ettin is lightly wounded.
The ettin closely misses you. x2; Your ynoxinul hits the ettin.
Your hellwing hits the ettin!
Your hellwing hits the ettin but does no damage.
Your shield prevents you from hitting the ettin.
The ettin is moderately wounded.
The ettin hits you with a cursed -2 dire flail!!!
* * * LOW HITPOINT WARNING * * *
The ettin hits you with a +0 dire flail!!
You die...

*.......### *
*#......#$.** ##.........
#..........#*
##..........#.
##.$......#.....#
#....4..........## *#
##..#C...........####.
###....@3............#.#
#.....#.................
#..$.##...............<..
##.# ##.......>.........
# * #.........)....... ##
##........).......
##.###..>.............#
#...#..............####
#...........(......#


You could see an ettin, a friendly hellwing and a friendly ynoxinul.

Vanquished Creatures
  Harold (D:7)
  Erica (D:10)
  2 cyclopes
  A manticore (D:7)
  A troll (D:10)
  Grinder (D:5)
  4 hippogriffs
  2 basilisks (D:10)
  A yak (D:10)
  A water moccasin (D:10)
  3 sky beasts
  3 black bears
  8 orc warriors
  A phantom (D:10)
  3 ice beasts
  4 ogres
  3 centaurs
  Blork the orc (D:6)
  3 bullfrogs
  3 scorpions
  7 killer bees
  6 wights
  A howler monkey (D:9)
  8 crimson imps
  2 jellies (D:5)
  A quasit (D:9)
  Crazy Yiuf (D:7)
  12 orc priests
  3 hounds (D:9)
  A centaur skeleton (D:7)
  2 bullfrog skeletons
  3 iguanas
  11 orc wizards
  6 worker ants
  2 killer bee zombies
  3 hound skeletons
  A howler monkey skeleton (D:7)
  9 adders
  8 gnolls
  3 shadow imps
  An adder skeleton (D:4)
  2 worms (D:3)
  A dart slug (D:2)
  5 leopard geckos
  45 orcs
  A giant cockroach (D:4)
  3 goblins
  7 hobgoblins
  13 jackals
  8 kobolds
  7 quokkas
  5 bats
  8 frilled lizards
  7 rats
250 creatures vanquished.

Vanquished Creatures (others)
  A human (D:5)
1 creature vanquished.

Grand Total: 251 creatures vanquished

Notes
Turn   | Place    | Note
-------+----------+-------------------------------------------
     0 | D:1      | EnegeticOcto the Deep Dwarf Fighter began the quest for the
                  | Orb.
     0 | D:1      | Reached XP level 1. HP: 20/20 MP: 1/1
   152 | D:1      | Reached XP level 2. HP: 25/27 MP: 2/2
   271 | D:2      | Reached skill level 1 in Dodging
   288 | D:2      | Reached XP level 3. HP: 19/34 MP: 3/3
   390 | D:2      | Reached skill level 3 in Axes
   589 | D:3      | Reached XP level 4. HP: 34/42 MP: 4/4
   918 | D:3      | Noticed a centaur
   930 | D:3      | Killed a centaur
   930 | D:3      | Reached XP level 5. HP: 47/50 MP: 5/5
   989 | D:3      | Reached skill level 4 in Axes
  1270 | D:4      | Reached XP level 6. HP: 57/57 MP: 6/6
  1350 | D:4      | Found a snail-covered altar of Cheibriados.
  1397 | D:4      | Found a sparkling altar of Nemelex Xobeh.
  1398 | D:4      | Found a sacrificial altar of Ru.
  1398 | D:4      | Found a shimmering blue altar of Sif Muna.
  1399 | D:4      | Found an opulent altar of Gozag.
  1400 | D:4      | Found a radiant altar of Vehumet.
  1400 | D:4      | Found a burning altar of Makhleb.
  1401 | D:4      | Found a shadowy altar of Dithmenos.
  1411 | D:4      | Became a worshipper of Makhleb the Destroyer
  1807 | D:5      | Entered Level 5 of the Dungeon
  1938 | D:5      | Found a staircase to the Ecumenical Temple.
  1974 | D:5      | Reached skill level 1 in Invocations
  2233 | D:5      | Noticed Grinder
  2239 | D:5      | Paralysed by Grinder for 7 turns
  2254 | D:5      | Paralysed by Grinder for 4 turns
  2260 | D:5      | Killed Grinder
  2260 | D:5      | Reached skill level 5 in Axes
  2260 | D:5      | Reached XP level 7. HP: 48/66 MP: 6/8
  2465 | D:5      | Found an ancient bone altar of Kikubaaqudgha.
  2607 | D:5      | Reached * piety under Makhleb
  2612 | D:5      | Reached skill level 5 in Fighting
  2623 | D:5      | Reached XP level 8. HP: 31/74 MP: 8/10
  2757 | D:6      | Reached skill level 6 in Axes
  2757 | D:6      | Reached skill level 5 in Armour
  2757 | D:6      | Reached skill level 5 in Shields
  2817 | D:6      | Noticed Blork the orc
  2830 | D:6      | Killed Blork the orc
  3268 | D:7      | Noticed Harold
  3283 | D:7      | Killed Harold
  3283 | D:7      | Reached skill level 7 in Axes
  3283 | D:7      | Gained mutation: You passively map the area around you.
                  | [Deep Dwarf growth]
  3283 | D:7      | Reached XP level 9. HP: 51/85 MP: 10/10
  3345 | D:7      | Found a runed translucent door.
  3346 | D:7      | Noticed Crazy Yiuf
  3355 | D:7      | Killed Crazy Yiuf
  3419 | D:7      | Noticed a manticore
  3429 | D:7      | Reached skill level 5 in Dodging
  3429 | D:7      | Reached skill level 5 in Invocations
  3439 | D:7      | Killed a manticore
  3439 | D:7      | Reached skill level 8 in Axes
  3476 | D:7      | Reached ** piety under Makhleb
  3905 | D:8      | Found a stormy altar of Qazlal.
  3966 | D:8      | Reached XP level 10. HP: 55/94 MP: 12/12
  4184 | D:8      | Found Nuacet's Jewellery Shoppe.
  4430 | D:9      | Reached *** piety under Makhleb
  4882 | D:9      | Noticed a cyclops
  4900 | D:9      | Killed a cyclops
  4900 | D:9      | Reached skill level 9 in Axes
  5219 | D:10     | Entered Level 10 of the Dungeon
  5222 | D:10     | Noticed a cyclops
  5245 | D:10     | Killed a cyclops
  5293 | D:10     | Reached **** piety under Makhleb
  5381 | D:10     | Reached XP level 11. HP: 72/104 MP: 10/10
  5382 | D:10     | Found a staircase to the Lair.
  5539 | D:10     | Noticed Erica
  5549 | D:10     | Killed Erica
  5549 | D:10     | Reached skill level 10 in Axes
  5592 | D:10     | Found a runed translucent door.
  5594 | D:10     | Noticed Upnub's ghost (journeyman TrAK)
  5790 | D:10     | Found a staircase to the Orcish Mines.
  5800 | Orc:1    | Entered Level 1 of the Orcish Mines
  5858 | Orc:1    | Noticed an ettin
  5864 | Orc:1    | HP: 5/104 [ettin/cursed -2 dire flail (23)]
  5873 | Orc:1    | Slain by an ettin

Levels and vault maps discovered:
D:1:      eino_arrival_cavern_a, layout_basic
D:2:      layout_rooms, grunt_decor_resistance, minmay_cupped
D:3:      layout_basic, first_ration
D:4:      layout_basic, grunt_temple_overflow_open, lemuel_tele_altar
D:5:      layout_loops_corners, minmay_temple_entry_statues_fountains,
          tgw_kikubaaqudgha, uniq_grinder
D:6:      layout_rooms, uniq_blork_the_orc
D:7:      layout_loops_ring, grunt_ogre_cave, uniq_harold,
          uniq_crazy_yiuf_cottage
D:8:      layout_cave_pools, serial_shops,
          nicolae_shop_competitors_out_of_business, basic_altar
D:9:      layout_basic
D:10:     layout_rooms, david_lair_generic, david_orc_4,
          ebering_ghost_inner_flame, uniq_erica
Orc:1:    layout_caves

Skill      XL: |  1  2  3  4  5  6  7  8  9 10 11 |
---------------+----------------------------------+-----
Fighting       | 3 4 5 6 7 8 |  8.6
Dodging        | 1 2 3 4 5 6 |  6.6
Axes           | 3 4 5 7 8 9 10 | 10.1
Armour         | 4 5 6 7 |  7.6
Shields        | 4 5 6 7 |  7.5
Invocations    | 2 4 5 7 |  7.4

Action                   |  1- 3 |  4- 6 |  7- 9 | 10-12 || total
-------------------------+-------+-------+-------+-------++-------
Melee: War axe           |   149 |   141 |   285 |   305 ||   880
Invok: Lesser Servant of |       |       |       |     2 ||     2
 Abil: Heal Wounds       |     2 |     4 |     8 |    12 ||    26
  Use: Scroll            |       |     7 |       |     6 ||    13
  Eat: Chunk             |       |     5 |     6 |     7 ||    18
Armor: Scale mail        |    81 |    23 |       |       ||   104
       Chain mail        |       |    42 |   123 |   192 ||   357
Dodge: Dodged            |    58 |    43 |    74 |   153 ||   328
Block: Kite shield       |   100 |    74 |   167 |   244 ||   585

Table legend:
 A = Non-vault XP
 B = Vault XP
 C = Vault XP percentage of total XP
 D = Non-vault monster count
 E = Vault monster count
 F = Vault count percentage of total count
                 A         B        C        D         E       F
            +---------+---------+-------+---------+---------+-------
      Total |    9124 |    3959 |  30.3 |     225 |      25 |  10.0
            +---------+---------+-------+---------+---------+-------
        D:1 |      13 |       0 |   0.0 |       9 |       0 |   0.0
        D:2 |      64 |       0 |   0.0 |      22 |       0 |   0.0
        D:3 |     265 |       0 |   0.0 |      34 |       0 |   0.0
        D:4 |     185 |       0 |   0.0 |      11 |       0 |   0.0
        D:5 |     646 |     258 |  28.5 |      24 |       1 |   4.0
        D:6 |     707 |     100 |  12.4 |      19 |       1 |   5.0
        D:7 |    1942 |    1116 |  36.5 |      34 |       3 |   8.1
        D:8 |     560 |       0 |   0.0 |      14 |       0 |   0.0
        D:9 |    2101 |       0 |   0.0 |      33 |       0 |   0.0
       D:10 |    2498 |    2485 |  49.9 |      22 |      20 |  47.6
      Orc:1 |     143 |       0 |   0.0 |       3 |       0 |   0.0
            +---------+---------+-------+---------+---------+-------
